 Dungeon Crawl Stone Soup version 0.29.0-4-gdea44cf6ec (webtiles) character file.

Game seed: 3145994181010902220

4 qw the Chopper (level 1, 0/12 HPs)
             Began as a Tengu Warper on Aug 28, 2022.
             Slain by a ball python (1 damage)
             ... on level 1 of the Dungeon.
             The game lasted 00:00:00 (33 turns).

qw the Chopper (Tengu Warper)                         Turns: 33, Time: 00:00:00

Health: 0/12       AC:  3    Str: 11    XL:     1   Next: 60%
Magic:  4/4        EV:  8    Int: 13    God:
Gold:   0          SH:  0    Dex: 13    Spells: 4/4 levels left

rFire   . . .      SeeInvis .   a - +0 hand axe
rCold   . . .      Faith    .   (no shield)
rNeg    . . .      Spirit   .   b - +0 leather armour
rPois   .          Reflect  .   (helmet restricted)
rElec   .          Harm     .   (no cloak)
rCorr   .          Rampage  .   (no gloves)
Will    .....                   (boots unavailable)
Stlth   +.........              (no amulet)
HPRegen 0.04/turn               (no ring)
MPRegen 0.09/turn               (no ring)

@: constricted
A: beak, talons 3
a: no special abilities


You were on level 1 of the Dungeon.
You visited 1 branch of the dungeon, and saw 1 of its levels.


Innate Abilities, Weirdness & Mutations

You have a beak for a mouth.
You have claws for feet.


   Skills:
 - Level 2.0 Fighting
 + Level 2.6 Axes
 - Level 1.0 Throwing
 - Level 1.1 Armour
 - Level 2.1 Dodging
 - Level 2.0 Spellcasting
 - Level 2.4 Translocations


You had 4 spell levels left.
You didn't know any spells.
Your spell library contained the following spells:

 Spells                   Type           Power      Damage    Failure   Level
 Blink                    Tloc           14%        N/A       19%         2
 Gell's Gravitas          Tloc           7%         N/A       36%         3
 Lesser Beckoning         Tloc           7%         N/A       36%         3
 Teleport Other           Tloc           7%         N/A       36%         3
 Manifold Assault         Tloc           7%         N/A       98%         5

Inventory:

Hand Weapons
 a - a +0 hand axe (weapon)
Missiles
 d - 4 boomerangs of dispersal (quivered)
Armour
 b - a +0 leather armour (worn)
Scrolls
 c - a scroll of blinking
 e - a scroll of vulnerability {unknown}

Dungeon Overview and Level Annotations

Branches:
Dungeon (1/15)

Altars:


Message History

You see here a hobgoblin corpse.
You hit the endoplasm.
You kill the endoplasm!
Throw: 7 boomerangs (disperse)
Press: ? - help, Q - select action Shift-Dir - straight line, f - quokka You throw a boomerang of dispersal.
The boomerang of dispersal misses the quokka.
You barely miss the quokka. Your peck misses the quokka. The quokka bites you.
A ball python comes into view.
You hit the quokka. You claw the quokka.
You kill the quokka!
Throw: 6 boomerangs (disperse)
Press: ? - help, Q - select action Shift-Dir - straight line, f - ball python You throw a boomerang of dispersal.
The boomerang of dispersal barely misses the ball python.
Throw: 5 boomerangs (disperse)
Press: ? - help, Q - select action Shift-Dir - straight line, f/p - ball python You throw a boomerang of dispersal.
The boomerang of dispersal barely misses the ball python.
You completely miss the ball python. The ball python bites you.
The ball python grabs you. The ball python constricts you.
You closely miss the ball python. You claw the ball python.
The ball python is moderately wounded.
The ball python bites you but does no damage.
The ball python constricts you.
The ball python bites you but does no damage.
The ball python constricts you.
You hit the ball python but do no damage.
The ball python is moderately wounded.
The ball python bites you. The ball python constricts you.
You hit the ball python. Your peck misses the ball python.
The ball python is heavily wounded.
The ball python bites you. The ball python constricts you.
The ball python bites you. The ball python constricts you.
You closely miss the ball python. You claw the ball python.
The ball python is severely wounded.
The ball python bites you.
You die...

#%..#.%%#
#..%#.%.#
#...#%..#
#%..>%..# #
##.###.## .#
#'###+##..##
#..........#
###.......#
##@....##
#....S...##
.......##.##
#.##.#. .#
#.##. .# .?#
.. # .#$ ..
# ...


You could see a ball python.

Vanquished Creatures
  An endoplasm (D:1)
  A hobgoblin (D:1)
  A quokka (D:1)
3 creatures vanquished.

Notes
Turn   | Place    | Note
-------+----------+-------------------------------------------
     0 | D:1      | qw the Tengu Warper began the quest for the Orb.
     0 | D:1      | Reached XP level 1. HP: 12/12 MP: 4/4
     0 | D:1      | 0 ||| qw: Version: 0.1-a-89-g26bdef1
     0 | D:1      | 0 ||| qw: Game counter: 246
     0 | D:1      | 0 ||| qw: Always use a shield: true
     0 | D:1      | 0 ||| qw: God list: Okawaru
     0 | D:1      | 0 ||| qw: Allow faded altars: false
     0 | D:1      | 0 ||| qw: Do Orc after D:15 true
     0 | D:1      | 0 ||| qw: Do second Lair branch before Depths: true
     0 | D:1      | 0 ||| qw: Lair rune preference: random
     0 | D:1      | 0 ||| qw: Plans: Normal
     0 | D:1      | 0 ||| PLANNING D:1-11
    16 | D:1      | 16 ||| Stepping ~*~*~tactically~*~*~ (stealth).
    32 | D:1      | HP: 2/12 [ball python (2)]
    33 | D:1      | Slain by a ball python

Levels and vault maps discovered:
D:1:      heliophobic_arrival_battle_scene, layout_loops_ring, hex_large,
          minmay_tromino_v7

Action                   || total
-------------------------++-------
Melee: Hand axe          ||    10
       Kick              ||     4
Throw: Boomerang         ||     3
Armor: Leather armour    ||     2
Dodge: Dodged            ||     1

Table legend:
 A = Non-vault XP
 B = Vault XP
 C = Vault XP percentage of total XP
 D = Non-vault monster count
 E = Vault monster count
 F = Vault count percentage of total count
                 A         B        C        D         E       F
            +---------+---------+-------+---------+---------+-------
      Total |       4 |       2 |  33.3 |       2 |       1 |  33.3
            +---------+---------+-------+---------+---------+-------
        D:1 |       4 |       2 |  33.3 |       2 |       1 |  33.3
            +---------+---------+-------+---------+---------+-------
